 Dungeon Crawl Stone Soup version 0.31.0-1-g2c135a008e (webtiles) character file.

Game seed: 14106569543907918750

527 qw the Shooter (level 7, -2/52 HPs)
             Began as a Djinni Hunter on Jan 23, 2024.
             Slain by Pikel
             ... wielding a +1 whip of electrocution
              (6 damage)
             ... on level 5 of the Dungeon.
             The game lasted 00:00:18 (4457 turns).

qw the Shooter (Djinni Hunter)                      Turns: 4457, Time: 00:00:19

Health: -2/52      AC:  5    Str: 13    XL:     7   Next: 47%
Gold:   210        EV: 13    Int: 11    God:
                   SH:  0    Dex: 18

rFire   + + .        a - +1 shortbow
rCold   . . .        (shield currently unavailable)
rNeg    + . .        n - +0 leather armour of Judypuat {+Blink rC+ rN+ Str+3}
rPois   inf          d - +0 helmet
rElec   .            o - +0 cloak
rCorr   .            (no gloves)
SInv    .            (boots unavailable)
Will    +....        (no amulet)
Stlth   ++           j - ring of willpower
HPRegen 0.28/turn    (no ring)
MPRegen 0.00/turn

%: infuse magic (-3 HP)
@: flying
A: sickness immunity, fire resistance 2, cold vulnerability 1, float, innate
caster, HP casting, extra vitality 1
a: Evoke Blink


You were on level 5 of the Dungeon.
You visited 1 branch of the dungeon, and saw 5 of its levels.

You collected 210 gold pieces.


Innate Abilities, Weirdness & Mutations

You are immune to sickness and miasma.
You are immune to poison.
Your flesh is very heat resistant. (rF++)
You are vulnerable to cold. (rC-)
You float through the air rather than walking.
You learn spells naturally, not from books.
Your magical power is your life essence.
You have superior vitality. (+4 MHP)


   Skills:
 - Level 4.0 Fighting
 + Level 5.9 Ranged Weapons
 - Level 1.6 Armour
 - Level 3.0 Dodging
 - Level 0.7 Stealth


You knew the following spells:

 Your Spells              Type           Power      Damage    Failure   Level
a - Magic Dart            Conj           0%         1d3       41%         1
b - Blink                 Tloc           0%         N/A       56%         2
c - Mercury Vapours       Alch/Air       0%         N/A       56%         2
Your spell library was empty.

Inventory:

Hand Weapons
 a - a +1 shortbow (weapon)
Armour
 d - a +0 helmet (worn)
 h - a +0 ring mail of willpower
 n - the +0 leather armour of Judypuat (worn) {+Blink rC+ rN+ Str+3}
   (You found it on level 3 of the Dungeon)

   Str+3:     It affects your strength (+3).
   rC+:       It protects you from cold.
   rN+:       It protects you from negative energy.
   +Blink:    It lets you blink.
 o - a +0 cloak (worn)
Jewellery
 j - a ring of willpower (left hand)
Wands
 b - a wand of flame (26)
Potions
 c - a potion of lignification {unknown}
 e - 2 potions of heal wounds {unknown}
 f - a potion of haste
 g - a potion of might
 l - 5 potions of curing
 r - a potion of experience {unknown}

Dungeon Overview and Level Annotations

Branches:
Dungeon (5/15)
 Temple: D:4-7

Altars:
Ru

Annotations:
D:5 Pikel


Message History

The lemure is severely wounded.
The lemure closely misses you. x2
You shoot an arrow. The arrow hits the lemure.
The lemure is severely wounded.
The lemure closely misses you.
You shoot an arrow. The arrow hits the lemure.
The lemure is severely wounded.
The lemure barely misses you.
You shoot an arrow. The arrow hits the lemure!
You kill the lemure!
That felt strangely unrewarding.
Pikel, Merchant of Souls comes into view.
He is wielding a +1 whip of electrocution.
You shoot an arrow. The arrow barely misses Pikel.
Pikel shouts!
You shoot an arrow. The arrow closely misses Pikel.
You shoot an arrow. The arrow hits Pikel!
Pikel is moderately wounded.
You shoot an arrow. The arrow hits Pikel.
Pikel is moderately wounded.
Pikel hits you with a +1 whip of electrocution!
You shoot an arrow. The arrow closely misses Pikel.
Pikel misses you.
You shoot an arrow. The arrow closely misses Pikel.
Pikel hits you with a +1 whip of electrocution.
You are electrocuted!
You shoot an arrow. The arrow barely misses Pikel.
Pikel hits you with a +1 whip of electrocution.
You shoot an arrow. The arrow hits Pikel.
Pikel is moderately wounded.
Pikel barely misses you.
You shoot an arrow. The arrow hits Pikel.
Pikel is heavily wounded.
Pikel misses you.
Pikel hits you with a +1 whip of electrocution.
You are electrocuted!!
You shoot an arrow. The arrow hits Pikel!
Pikel is severely wounded.
Pikel hits you with a +1 whip of electrocution.
You die...
Pikel says, "See you in Hell!"

#........##.#.####
###......##.#
#....%.##.#
##..).....#
#######....#####
#.....#....# #.. #
#.##.......# #.######
#.##..#...## ..#.....
+...@.#....# #.#.###.
#....K...#.#.#.......
###....#.#.#.#..##...
####...#.......#...
##..# ..#....... ...#
##.#.##.. ....#
#.#..... .#..
#5####.. # #...##..


You could see Pikel.

Vanquished Creatures
  An ogre (D:5)
  A phantom (D:4)
  4 lemures
  A howler monkey (D:4)
  2 hounds (D:4)
  An iguana (D:4)
  A sleepcap (D:5)
  2 orc wizards (D:4)
  4 gnolls (D:2)
  6 adders
  3 dart slugs
  5 orcs
  3 bats
  3 endoplasms
  4 giant cockroaches
  6 goblins
  4 hobgoblins
  5 jackals
  4 quokkas
  5 ball pythons
  3 frilled lizards
  4 kobolds
  4 rats
76 creatures vanquished.

Notes
Turn   | Place    | Note
-------+----------+-------------------------------------------
     0 | D:1      | qw the Djinni Hunter began the quest for the Orb.
     0 | D:1      | Reached XP level 1. HP: 18/18 MP: 0/0
     0 | D:1      | 0 ||| qw: Version: 0.3-a-132-g3d54051
     0 | D:1      | 0 ||| qw: Game counter: 598
     0 | D:1      | 0 ||| qw: Melee chars always use a shield: true
     0 | D:1      | 0 ||| qw: God list: Okawaru
     0 | D:1      | 0 ||| qw: Allow faded altars: false
     0 | D:1      | 0 ||| qw: Do Orc after clearing Dungeon:15 true
     0 | D:1      | 0 ||| qw: Do second Lair branch before Depths: true
     0 | D:1      | 0 ||| qw: Lair rune preference: random
     0 | D:1      | 0 ||| qw: Goals: Normal
     0 | D:1      | 0 ||| PLANNING D:1-11
   170 | D:1      | Reached XP level 2. HP: 23/23 MP: 0/0
   799 | D:1      | 799 ||| UPGRADING to +0 helmet.
   804 | D:1      | 804 ||| READING scroll labelled APREAT GIACING.
   805 | D:1      | 805 ||| READING scroll labelled EMIEDEH BEUFU.
   806 | D:1      | 806 ||| READING scroll labelled OCIWIF EBECHUC.
   806 | D:1      | 806 ||| IDENTIFYING fuming green potion
   807 | D:1      | 807 ||| DRINKING 2 fizzy green potions.
   808 | D:1      | 808 ||| DROPPING scroll of butterflies.
   878 | D:2      | Reached XP level 3. HP: 28/28 MP: 0/0
   878 | D:2      | Learned a level 1 spell: Magic Dart
   907 | D:2      | Reached skill level 4 in Ranged Weapons
  1113 | D:2      | 1113 ||| FLEEEEING.
  1202 | D:2      | Reached skill level 3 in Fighting
  1202 | D:2      | Reached XP level 4. HP: 27/35 MP: 0/0
  1206 | D:2      | 1206 ||| FLEEEEING.
  1280 | D:2      | 1280 ||| FLEEEEING.
  1727 | D:2      | 1727 ||| UPGRADING to ring of willpower.
  1728 | D:2      | 1728 ||| READING 5 scrolls of identify.
  1728 | D:2      | 1728 ||| IDENTIFYING black potion
  1729 | D:2      | 1729 ||| READING 4 scrolls of identify.
  1729 | D:2      | 1729 ||| IDENTIFYING 2 white potions
  1730 | D:2      | 1730 ||| READING 3 scrolls of identify.
  1730 | D:2      | 1730 ||| IDENTIFYING 2 sapphire potions
  1731 | D:2      | 1731 ||| READING 2 scrolls of identify.
  1731 | D:2      | 1731 ||| IDENTIFYING scroll labelled XUAFODGH ROFOL
  1732 | D:2      | 1732 ||| READING scroll of identify.
  1732 | D:2      | 1732 ||| IDENTIFYING scroll labelled RITERCHEUXOZ
  1733 | D:2      | 1733 ||| READING scroll labelled ACALY DEEPUS.
  1734 | D:2      | 1734 ||| FLEEEEING.
  1795 | D:2      | 1795 ||| READING scroll labelled ELUMUO POSMI.
  1796 | D:2      | 1796 ||| DROPPING scroll of fear.
  1797 | D:2      | 1797 ||| DROPPING 2 potions of degeneration.
  1798 | D:2      | 1798 ||| DROPPING potion of magic.
  1878 | D:3      | Reached skill level 3 in Dodging
  1889 | D:3      | Identified the +0 leather armour of Judypuat {+Blink rC+
                  | rN+ Str+3}
  2043 | D:3      | Reached XP level 5. HP: 40/40 MP: 0/0
  2043 | D:3      | Learned a level 2 spell: Blink
  2314 | D:3      | 2314 ||| FLEEEEING.
  2402 | D:3      | 2402 ||| UPGRADING to +0 leather armour of Judypuat {+Blink
                  | rC+ rN+ Str+3}.
  2412 | D:3      | 2412 ||| DROPPING +0 leather armour.
  2413 | D:3      | 2413 ||| UPGRADING to +0 cloak.
  2418 | D:3      | 2418 ||| READING scroll of identify.
  2418 | D:3      | 2418 ||| IDENTIFYING orange potion
  2419 | D:3      | 2419 ||| READING scroll labelled USKAYD SIX.
  2420 | D:3      | 2420 ||| READING scroll labelled MENWUVV NAHI.
  2420 | D:3      | 2420 ||| ENCHANTING +0 shortbow.
  2421 | D:3      | 2421 ||| READING scroll labelled TEDOAP ACALIENN.
  2422 | D:3      | 2422 ||| READING scroll labelled KICEDAUDIM.
  2423 | D:3      | 2423 ||| FLEEEEING.
  2533 | D:3      | 2533 ||| DROPPING potion of ambrosia.
  2581 | D:4      | Reached skill level 1 in Armour
  2581 | D:4      | 2581 ||| FLEEEEING.
  2591 | D:4      | 2591 ||| STAIRDANCE
  2829 | D:4      | Identified the +6 flail "Wounuerph" {protect, Str+3}
  2850 | D:4      | Noticed a phantom
  2863 | D:4      | Killed a phantom
  2864 | D:4      | Reached XP level 6. HP: 33/46 MP: 0/0
  2864 | D:4      | 2864 ||| FLEEEEING.
  2951 | D:4      | Reached skill level 5 in Ranged Weapons
  3102 | D:4      | Found a sacrificial altar of Ru.
  3301 | D:4      | Reached XP level 7. HP: 45/52 MP: 0/0
  3301 | D:4      | Learned a level 2 spell: Mercury Vapours
  3301 | D:4      | 3301 ||| FLEEEEING.
  3672 | D:4      | 3672 ||| READING 2 scrolls labelled OHEUST QAKEE.
  3673 | D:4      | 3673 ||| DROPPING scroll of fog.
  3724 | D:5      | Entered Level 5 of the Dungeon
  3768 | D:5      | HP: 13/52 [lemure[Pikel] (3)]
  3769 | D:5      | 3769 ||| READING scroll of teleportation.
  3774 | D:5      | 3774 ||| RETREEEEATING.
  3775 | D:5      | 3775 ||| FLEEEEING.
  3776 | D:5      | 3776 ||| FLEEEEING.
  3777 | D:5      | 3777 ||| FLEEEEING.
  3778 | D:5      | 3778 ||| FLEEEEING.
  3779 | D:5      | 3779 ||| FLEEEEING.
  3781 | D:5      | 3781 ||| FLEEEEING.
  3782 | D:5      | 3782 ||| FLEEEEING.
  3784 | D:5      | 3784 ||| FLEEEEING.
  3785 | D:5      | 3785 ||| FLEEEEING.
  3786 | D:5      | 3786 ||| FLEEEEING.
  3787 | D:5      | 3787 ||| FLEEEEING.
  3789 | D:5      | 3789 ||| FLEEEEING.
  3791 | D:5      | 3791 ||| FLEEEEING.
  3792 | D:5      | 3792 ||| FLEEEEING.
  3793 | D:5      | 3793 ||| FLEEEEING.
  3794 | D:5      | 3794 ||| FLEEEEING.
  3797 | D:5      | 3797 ||| FLEEEEING.
  3798 | D:5      | 3798 ||| FLEEEEING.
  3801 | D:5      | 3801 ||| FLEEEEING.
  3802 | D:5      | 3802 ||| FLEEEEING.
  3803 | D:5      | 3803 ||| FLEEEEING.
  3804 | D:5      | 3804 ||| STAIRDANCE
  3914 | D:5      | 3914 ||| STAIRDANCE
  3927 | D:4      | 3927 ||| FLEEEEING.
  4022 | D:5      | 4022 ||| STAIRDANCE
  4040 | D:4      | 4040 ||| FLEEEEING.
  4161 | D:5      | HP: 13/52 [lemure[Pikel] (2)]
  4165 | D:5      | 4165 ||| STAIRDANCE
  4167 | D:4      | 4167 ||| FLEEEEING.
  4447 | D:5      | Noticed Pikel
  4456 | D:5      | HP: 4/52 [Pikel/+1 whip of electrocution (19)]
  4457 | D:5      | Slain by Pikel

Levels and vault maps discovered:
D:1:      sevenhm_arrival_forest_fort_large_2, layout_loops_ring,
          solitary_fountain, minmay_tree_intersection,
          chequers_serial_rivers_room_b, minmay_misc_feat_chi
D:2:      layout_basic
D:3:      layout_rooms, nicolae_hexahallways, st_stairs_8, chequers_jeans,
          minivault_19, minmay_misc_feat_doors
D:4:      layout_basic, nicolae_ru_great_annihilating_truth,
          minmay_stone_trees_small
D:5:      layout_basic, hellmonk_okawaru_the_only_friend_you_need,
          xom_teletrap_fun, tgw_sif, old_standard_altar, kennysheep_flooded_box,
          uniq_pikel

Skill      XL: |  1  2  3  4  5  6 |
---------------+-------------------+-----
Ranged Weapons | 4 5 |  5.9
Fighting       | 3 4 |  4.0
Dodging        | 3 |  3.0
Armour         | 1 |  1.6
Stealth        | |  0.7

Action                     |  1- 3 |  4- 6 |  7- 9 || total
---------------------------+-------+-------+-------++-------
   Fire: Shortbow          |    62 |   143 |   112 ||   317
    Use: Scroll            |     3 |    12 |     2 ||    17
         Potion            |     1 |       |       ||     1
 Armour: Leather armour    |     9 |    42 |    52 ||   103
  Dodge: Dodged            |    11 |    38 |    41 ||    90

Table legend:
 A = Non-vault XP
 B = Vault XP
 C = Vault XP percentage of total XP
 D = Non-vault monster count
 E = Vault monster count
 F = Vault count percentage of total count
                 A         B        C        D         E       F
            +---------+---------+-------+---------+---------+-------
      Total |     700 |      54 |   7.2 |      67 |       5 |   6.9
            +---------+---------+-------+---------+---------+-------
        D:1 |      26 |       0 |   0.0 |      16 |       0 |   0.0
        D:2 |      92 |       0 |   0.0 |      18 |       0 |   0.0
        D:3 |      37 |       2 |   5.1 |       6 |       1 |  14.3
        D:4 |     376 |      52 |  12.1 |      21 |       4 |  16.0
        D:5 |     169 |       0 |   0.0 |       6 |       0 |   0.0
            +---------+---------+-------+---------+---------+-------
